 Dungeon Crawl Stone Soup version 0.23.2-40-g277498a001 (webtiles) character file.

Game seed: 11125326648226577608

22731 Kikorro the Basher (level 12, -10/104 HPs)
             Began as a Minotaur Fighter on Sept 14, 2019.
             Was an Elder of Makhleb.
             Killed from afar by a raiju (15 damage)
             ... with a living lightning
             ... on level 2 of the Abyss on Sept 15, 2019.
             The game lasted 00:53:10 (15471 turns).

Kikorro the Basher (Minotaur Fighter)              Turns: 15471, Time: 00:53:11

Health: -10/104    AC: 14    Str: 27    XL:     12   Next: 65%
Magic:  11/11      EV:  8    Int: 12    God:    Makhleb [****..]
Gold:   876        SH: 22    Dex: 15    Spells: 11/11 levels left

rFire    . . .     SeeInvis .   L - +5 morningstar
rCold    . . .     Gourm    .   J - +2 large shield
rNeg     + + .     Faith    .   F - +1 chain mail of Keikhag {Str+3 Int+3}
rPois    .         Spirit   .   (helmet restricted)
rElec    .         Reflect  .   (no cloak)
rCorr    .         Harm     .   (no gloves)
MR       .....                  q - +0 pair of boots
Stlth    ++........             b - macabre finger necklace {rN+}
HPRegen  0.27/turn              h - +4 ring of intelligence
MPRegen  0.12/turn              s - +3 ring of dexterity
                                H - ring of positive energy

@: studying Stealth
A: retaliatory headbutt, horns 2
a: Minor Destruction, Lesser Servant of Makhleb, Major Destruction, Renounce
Religion


You were on level 2 of the Abyss.
You worshipped Makhleb.
Makhleb was greatly pleased with you.
You were not hungry.

You visited 3 branches of the dungeon, and saw 15 of its levels.
You visited the Abyss 1 time.
You also visited: Volcano.

You collected 876 gold pieces.

Inventory:

Hand Weapons
 n - a +2 whip of venom
 L - a +5 morningstar (weapon)
Armour
 q - a +0 pair of boots (worn)
 x - the +3 ring mail "Jaroj" {rElec MR+ Int+3}
   (You found it on level 2 of the Lair of Beasts)

   It affects your intelligence (+3).
   It insulates you from electricity.
   It affects your resistance to hostile enchantments.
 E - a +0 shield
 F - the +1 chain mail of Keikhag (worn) {Str+3 Int+3}
   (You found it on level 7 of the Dungeon)

   It affects your strength (+3).
   It affects your intelligence (+3).
 J - a +2 large shield (worn)
Jewellery
 b - the macabre finger necklace (around neck) {rN+}
   (You found it on level 7 of the Dungeon)

   [amulet of nothing]

   It protects you from negative energy.
 h - a +4 ring of intelligence (left hand)
 s - a +3 ring of dexterity (right hand)
 u - the amulet "Hyxkeoxo" {RegenMP Int+4}
   (You found it on level 4 of the Dungeon)

   [amulet of magic regeneration]

   It increases your magic regeneration.
   It affects your intelligence (+4).
 G - an uncursed ring of flight
 H - a ring of positive energy (on amulet)
 K - an uncursed amulet of harm {unknown}
 M - an uncursed ring of ice
 N - an uncursed amulet of faith {unknown}
Wands
 v - a wand of flame (19)
 D - a wand of acid (3)
Scrolls
 g - 3 scrolls of enchant weapon {unknown}
 i - 3 scrolls of amnesia {unknown}
 j - 4 scrolls of remove curse
 l - 5 scrolls of immolation {unknown}
 o - 8 scrolls of teleportation
 r - 2 scrolls of blinking
 t - 4 scrolls of random uselessness {unknown}
 A - 4 scrolls of enchant armour {unknown}
 B - a scroll of summoning {unknown}
 C - a scroll of magic mapping
 I - 3 scrolls of fear
Potions
 a - 5 potions of flight
 c - 2 potions of ambrosia
 d - 2 potions of might
 e - a potion of brilliance
 k - a potion of mutation {unknown}
 m - a potion of resistance
 p - 4 potions of curing
 w - 3 potions of cancellation
 z - a potion of invisibility
Books
 y - a manual of Stealth
Comestibles
 f - 26 rations
 O - 5 chunks of flesh


   Skills:
 + Level 9.3 Fighting
 + Level 13.4 Maces & Flails
 + Level 11.9 Armour
 + Level 3.2 Dodging
 * Level 10.7 Stealth
 + Level 12.6 Shields
 + Level 0.6 Evocations


You had 11 spell levels left.
You didn't know any spells.
Your spell library contained the following spells:

 Spells                   Type           Power        Failure   Level  Hunger
 Animate Skeleton         Necr           N/A          100%        1    ##.....
 Apportation              Tloc           #.....       100%        1    ##.....
 Confusing Touch          Hex            #.....       100%        1    ##.....
 Freeze                   Ice            #...         100%        1    ##.....
 Magic Dart               Conj           #...         100%        1    ##.....
 Summon Small Mammal      Summ           #...         100%        1    ##.....
 Blink                    Tloc           N/A          100%        2    ###....
 Call Imp                 Summ           #.......     100%        2    ###....
 Slow                     Hex            #.......     100%        2    ###....
 Throw Frost              Conj/Ice       #.....       100%        2    ###....
 Conjure Flame            Conj/Fire      #.......     100%        3    ####...
 Mephitic Cloud           Conj/Pois/Air  #.......     100%        3    ####...
 Ozocubu's Armour         Chrm/Ice       #.......     100%        3    ####...
 Ice Form                 Ice/Tmut       #.......     100%        4    #####..
 Summon Ice Beast         Ice/Summ       #.......     100%        4    #####..
 Throw Icicle             Conj/Ice       #.......     100%        4    #####..
 Metabolic Englaciation   Hex/Ice        #.........   100%        5    ######.
 Bolt of Cold             Conj/Ice       #.........   100%        6    #######
 Freezing Cloud           Conj/Ice/Air   #.........   100%        6    #######
 Ozocubu's Refrigeration  Ice            #.........   100%        6    #######
 Simulacrum               Ice/Necr       #.........   100%        6    #######


Dungeon Overview and Level Annotations

Branches:
Dungeon (10/15)            Temple (1/1) D:6            Lair (4/6) D:10
  Swamp (0/4) Lair:4       Spider (0/4) Lair:3          Orc (0/2) D:10

Altars:
Ashenzari
Cheibriados
Dithmenos
Elyvilon
Fedhas
Gozag
Hepliaklqana
Kikubaaqudgha
Makhleb
Nemelex Xobeh
Okawaru
Qazlal
Ru
Sif Muna
Trog
Uskayaw
Vehumet
Wu Jian
Xom
Yredelemnul
Zin
The Shining One

Shops:
D:9 %

Annotations:
Lair:1 exclusion: 3 oklob plants


Innate Abilities, Weirdness & Mutations

You reflexively headbutt those who attack you in melee.
You have a pair of horns on your head.


Message History

You impale the raiju!! Your headbutt misses the raiju.
The raiju is heavily wounded.
You block the raiju's attack.
Your shield prevents you from hitting the raiju.
The raiju is heavily wounded.
You block the raiju's attack.
You hit the raiju.
You headbutt the raiju, but do no damage.
The raiju is severely wounded.
The raiju bursts into living lightning!
The living lightning hits you!
* * * LOW HITPOINT WARNING * * *
The raiju blinks!
You see here a raiju corpse.
You feel better.
The raiju bursts into living lightning!
The living lightning hits you!
* * * LOW HITPOINT WARNING * * *
The living lightning hits you!
You die...

# #. .#.# .
#.#.... . .# #. .
.## ... # # #..#
.##.....# # .# ..
# ##..#.. .#
#.####.#..#.#####
. ... # .
..#..#.# . # .
##...#..##
#.##...##.#
#.@.....#
#..###.##
#.h.#..#.#
.....## ### ###..
.. #. . . ..


You could see a raiju.

Vanquished Creatures
  Harold (D:8)
  Fannar (D:10)
  A hydra (Lair:1)
  A wizard (Volcano)
  An orb spider (Lair:3)
  An ugly thing (D:9)
  2 toenail golems (Volcano)
  9 elephants
  2 black mambas
  Psyche (D:8)
  Joseph (D:8)
  3 spiny frogs
  A komodo dragon (Lair:3)
  A rime drake (Lair:2)
  A troll (D:9)
  2 hippogriffs
  3 blink frogs (Lair:1)
  2 raiju (Abyss:2)
  A wraith (D:10)
  5 yaks
  A spriggan (D:8)
  7 fire bats
  2 hungry ghosts
  Menkaure (D:7)
  Duvessa (D:4)
  7 water moccasins
  12 porcupines
  A hell hound (D:8)
  2 orc warriors
  3 black bears
  A necrophage (D:3)
  2 sky beasts
  4 ice beasts
  2 phantoms
  5 wolves
  4 centaurs
  An eye of draining (D:10)
  5 ogres
  6 crocodiles
  A big kobold (D:10)
  10 bullfrogs
  Dowan (D:4)
  A water moccasin zombie (D:6)
  2 scorpions
  9 killer bees
  9 wights
  A howler monkey (D:10)
  2 electric eels
  2 centaur zombies
  2 lava snakes (D:8)
  5 crimson imps
  A quasit (D:8)
  3 bullfrog zombies
  10 hounds
  6 orc priests
  A centaur skeleton (D:4)
  3 jellies
  3 bullfrog skeletons
  2 iguanas
  11 orc wizards
  9 worker ants
  2 howler monkey zombies
  16 adders
  3 gnolls (D:8)
  A shadow imp (D:10)
  3 oozes
  2 adder zombies (D:6)
  An adder skeleton (D:5)
  A worm (D:2)
  3 dart slugs
  5 leopard geckos
  38 orcs
  3 ball pythons
  3 giant cockroaches
  7 goblins
  2 hobgoblins (D:1)
  4 jackals
  4 quokkas
  A ball python zombie (D:5)
  10 bats
  6 frilled lizards
  14 kobolds
  2 quokka skeletons
  7 rats
  A plant (Lair:1)
340 creatures vanquished.

Vanquished Creatures (others)
  4 fungi (Lair:3)
  7 plants
11 creatures vanquished.

Grand Total: 351 creatures vanquished

Notes
Turn   | Place    | Note
-------+----------+-------------------------------------------
     0 | D:1      | Kikorro the Minotaur Fighter began the quest for the Orb.
     0 | D:1      | Reached XP level 1. HP: 19/19 MP: 0/0
    30 | D:1      | Reached XP level 2. HP: 22/26 MP: 1/1
   573 | D:1      | Reached XP level 3. HP: 33/33 MP: 2/2
   959 | D:2      | Reached XP level 4. HP: 40/40 MP: 3/3
  1011 | D:2      | Reached skill level 3 in Maces & Flails
  1048 | D:2      | Reached skill level 5 in Shields
  1097 | D:2      | Reached skill level 1 in Dodging
  1271 | D:2      | Found a snail-covered altar of Cheibriados.
  1276 | D:2      | Found a hide-covered altar of Uskayaw.
  1281 | D:2      | Found a sparkling altar of Nemelex Xobeh.
  1641 | D:3      | Noticed a necrophage
  1653 | D:3      | Killed a necrophage
  1653 | D:3      | Reached skill level 4 in Maces & Flails
  1653 | D:3      | Reached XP level 5. HP: 34/45 MP: 4/4
  1684 | D:2      | Reached skill level 5 in Armour
  2194 | D:3      | Reached XP level 6. HP: 51/51 MP: 5/5
  2486 | D:4      | Got a pitted pewter amulet
  2487 | D:4      | Identified the amulet "Hyxkeoxo" {RegenMP Int+4} (You found
                  | it on level 4 of the Dungeon)
  3007 | D:4      | Reached skill level 5 in Maces & Flails
  3242 | D:4      | Noticed Duvessa
  3242 | D:4      | Noticed Dowan
  3253 | D:4      | Killed Duvessa
  3253 | D:4      | Reached XP level 7. HP: 55/60 MP: 6/6
  3258 | D:4      | Killed Dowan
  3640 | D:4      | Reached skill level 6 in Maces & Flails
  4087 | D:5      | Entered Level 5 of the Dungeon
  4598 | D:5      | Reached skill level 5 in Fighting
  4598 | D:5      | Reached XP level 8. HP: 67/68 MP: 7/7
  4877 | D:6      | Found a staircase to the Ecumenical Temple.
  4911 | D:6      | Reached skill level 7 in Maces & Flails
  4928 | D:6      | Reached skill level 1 in Stealth
  4963 | Temple   | Entered the Ecumenical Temple
  5068 | Temple   | Became a worshipper of Makhleb the Destroyer
  5357 | D:6      | Reached skill level 8 in Maces & Flails
  5478 | D:6      | Found a bloodstained altar of Trog.
  5569 | D:6      | Reached XP level 9. HP: 70/74 MP: 8/8
  6149 | D:7      | Reached * piety under Makhleb
  6199 | D:7      | Found the macabre finger necklace {rN+}
  6202 | D:7      | Noticed Menkaure
  6222 | D:7      | Killed Menkaure
  6838 | D:7      | Reached skill level 9 in Maces & Flails
  6885 | D:7      | Got a shimmering chain mail
  6896 | D:7      | Identified the cursed +1 chain mail of Keikhag {Str+3
                  | Int+3} (You found it on level 7 of the Dungeon)
  7014 | D:8      | Noticed Psyche
  7026 | D:8      | Reached skill level 5 in Stealth
  7038 | D:8      | Killed Psyche
  7127 | D:8      | Noticed Harold
  7152 | D:8      | Killed Harold
  7152 | D:8      | Reached XP level 10. HP: 27/84 MP: 9/9
  7402 | D:8      | Found a shattered altar of Ashenzari.
  7557 | D:8      | Noticed Joseph
  7574 | D:8      | Killed Joseph
  7956 | D:8      | Reached skill level 10 in Maces & Flails
  7971 | D:8      | Reached skill level 10 in Armour
  8683 | D:9      | Reached skill level 10 in Shields
  8771 | D:9      | Reached ** piety under Makhleb
  9123 | D:9      | Noticed a cyan ugly thing
  9135 | D:9      | Killed a cyan ugly thing
  9535 | D:9      | Found Qecvaw's Food Shop.
  9659 | D:10     | Entered Level 10 of the Dungeon
  9695 | D:9      | Reached skill level 11 in Maces & Flails
  9860 | D:9      | Reached XP level 11. HP: 92/92 MP: 10/10
 10277 | D:10     | Found a staircase to the Orcish Mines.
 10349 | D:10     | Found a staircase to the Lair.
 10416 | D:10     | Reached *** piety under Makhleb
 10847 | D:10     | Noticed Fannar
 10858 | D:10     | Killed Fannar
 11043 | Lair:1   | Entered Level 1 of the Lair of Beasts
 11043 | Lair:1   | Noticed a five-headed hydra
 11048 | Lair:1   | Killed a five-headed hydra
 11565 | Lair:1   | Noticed an oklob plant
 11565 | Lair:1   | Noticed an oklob plant
 11565 | Lair:1   | Noticed an oklob plant
 12139 | Lair:2   | Reached **** piety under Makhleb
 12142 | Lair:2   | Reached skill level 12 in Maces & Flails
 13112 | Lair:2   | Got a slimy ring mail
 13131 | Lair:2   | Identified the +3 ring mail "Jaroj" {rElec MR+ Int+3} (You
                  | found it on level 2 of the Lair of Beasts)
 13151 | Lair:2   | Reached XP level 12. HP: 59/103 MP: 11/11
 14143 | Lair:3   | Found a hole to the Spider Nest.
 14207 | Lair:3   | Reached skill level 10 in Stealth
 14377 | Lair:3   | Noticed a death yak
 14377 | Lair:3   | Noticed a death yak
 14378 | Lair:3   | Noticed a death yak
 14380 | Lair:3   | Noticed a death yak
 14380 | Lair:3   | Noticed a death yak
 15159 | Lair:3   | Reached skill level 13 in Maces & Flails
 15283 | Lair:4   | Found a dark tunnel.
 15308 | Volcano  | Entered a volcano
 15336 | Volcano  | Reached ***** piety under Makhleb
 15374 | Volcano  | Cast into level 2 of the Abyss (a wizard)
 15469 | Abyss:2  | HP: 4/104 [raiju/living lightning (17)]
 15471 | Abyss:2  | Killed from afar by a raiju

Skill      XL: |  1  2  3  4  5  6  7  8  9 10 11 12 |
---------------+-------------------------------------+-----
Shields        | 4 5 6 7 9 10 11 12 | 12.6
Fighting       | 4 5 6 7 8 9 |  9.3
Armour         | 4 5 6 7 8 9 10 11 | 11.9
Maces & Flails | 4 5 6 8 9 11 12 13 | 13.4
Dodging        | 1 2 3 |  3.2
Stealth        | 3 5 7 9 10 | 10.7
Evocations     | |  0.6

Action                   |  1- 3 |  4- 6 |  7- 9 | 10-12 || total
-------------------------+-------+-------+-------+-------++-------
Melee: Flail             |    52 |       |       |       ||    52
       Headbutt          |    15 |    30 |    80 |   199 ||   324
       Whip              |    46 |   140 |   348 |   429 ||   963
       Morningstar       |       |       |       |   332 ||   332
Evoke: Wand              |       |       |       |     8 ||     8
  Use: Scroll            |     2 |     2 |     4 |    11 ||    19
       Potion            |       |     1 |     3 |     2 ||     6
 Stab: Distracted        |       |       |       |     1 ||     1
  Eat: Chunk             |       |     8 |     9 |    18 ||    35
       Ration            |       |       |     1 |     3 ||     4
Armor: Scale mail        |    40 |       |       |       ||    40
       Chain mail        |    21 |    60 |    93 |   213 ||   387
Dodge: Dodged            |    21 |    18 |    44 |   168 ||   251
Block: Shield            |    48 |    46 |   125 |   311 ||   530
       Large shield      |       |       |       |   164 ||   164
